 Dungeon Crawl Stone Soup version 0.21-a0-135-g8dc100c (webtiles) character file.

234 Karpathos the Vexing (level 5, -1/24 HPs)
             Began as a Spriggan Enchanter on July 18, 2017.
             Killed by divine providence
             ... invoked by an orc priest
              (13 damage)
             ... on level 3 of the Dungeon.
             The game lasted 00:18:10 (5170 turns).

Karpathos the Vexing (Spriggan Enchanter)           Turns: 5170, Time: 00:18:10

Health: -1/24      AC:  3    Str:  4    XL:     5   Next: 75%
Magic:  1/14       EV: 23    Int: 18    God:
Gold:   169        SH:  0    Dex: 21    Spells: 3/15 levels left

rFire    + . .     SeeInvis +   k - +3 dagger
rCold    + . .     Gourm    .   (shield restricted)
rNeg     . . .     Faith    .   b - +1 robe
rPois    +         Spirit   .   (helmet restricted)
rElec    +         Reflect  .   (no cloak)
rCorr    +         Harm     .   (gloves unavailable)
MR       +....                  (boots unavailable)
Stlth    ++++......             (no amulet)
HPRegen  0.08/turn              j - ring of protection from magic
MPRegen  0.14/turn              (no ring)

@: agile, resistant, drained, very quick
A: unfitting armour, see invisible, herbivore 3, speed 3, slow metabolism 2
a: no special abilities


You were on level 3 of the Dungeon.
You were not hungry.

You visited 1 branch of the dungeon, and saw 3 of its levels.

You collected 169 gold pieces.

Inventory:

Hand Weapons
 a - a +1 dagger
 k - a +3 dagger (weapon)
 m - a +4 dagger
Armour
 b - a +1 robe (worn)
Jewellery
 j - a ring of protection from magic (left hand)
Scrolls
 i - 4 scrolls of teleportation
Potions
 e - a potion of flight
 h - 2 potions of brilliance
Books
 c - a book of Maledictions

   Spells                             Type                      Level
   a - Corona                         Hexes                        1
   b - Ensorcelled Hibernation        Hexes/Ice                    2
   c - Confuse                        Hexes                        3
   d - Tukima's Dance                 Hexes                        3
   e - Dazzling Spray                 Conjuration/Hexes            3
Comestibles
 d - 4 bread rations
 g - a royal jelly


   Skills:
 - Level 1.1(0.5) Short Blades
 - Level 3.0(2.4) Dodging
 + Level 4.9(4.3) Stealth
 - Level 5.6(5.0) Spellcasting
 - Level 5.8(5.1) Hexes


You had 3 spell levels left.
You knew the following spells:

 Your Spells              Type           Power        Failure   Level  Hunger
a - Ensorcelled Hibernat  Hex/Ice        ##....       7%          2    #......
b - Corona                Hex            ###....      1%          1    None
c - Confuse               Hex            ###.....     4%          3    ##.....
d - Tukima's Dance        Hex            ###.....     4%          3    ##.....
e - Dazzling Spray        Conj/Hex       ##....       14%         3    ##.....


Dungeon Overview and Level Annotations

Branches:
Dungeon (3/15)

Altars:


Innate Abilities, Weirdness & Mutations

You are very small and have problems with some larger weapons.
You are too small for most types of armour.
You have supernaturally acute eyesight. (SInv)
You are a herbivore.
You cover ground extremely quickly.
You need consume almost no food.


Message History

The orc priest resists with some effort.
The orc priest hits you with a flail.
Casting: Ensorcelled Hibernation
Confirm with . or Enter, or press ? or * to list all spells.
Aiming: Corona
Press: ? - help, Shift-Dir - straight line, f/p - orc priest
Aim: an orc priest, wielding a flail and wearing a leather armour (chance to defeat MR: 62%)
The orc priest struggles to resist.
The orc priest completely misses you.
You barely miss the orc priest.
The orc priest invokes the aid of Beogh against you.
Beogh smites you!
It was a potion of resistance.
You feel protected.
The orc priest casts a cantrip, but nothing happens.
It was a potion of agility.
You feel agile all of a sudden.
The orc priest calls down the wrath of Beogh upon you.
Beogh smites you!
Ouch! That really hurt!
You die...

# # # # # ####
.#.############ ....
......o@......#
###########.##########)#
#....# #.# #....# #[#
#....####### #.#
#.†........# #.#
#....#####.# #.# #....#
#.# #.# ####....## #.#
#.#


You could see an orc priest.

Vanquished Creatures
  An ogre (D:3)
  7 adders
  An ooze (D:1)
  4 worms
  5 orcs (D:3)
  2 ball pythons
  4 giant cockroaches
  5 goblins
  7 hobgoblins
  8 kobolds
  2 quokkas
  13 bats
  2 frilled lizards
  10 rats
71 creatures vanquished.

Notes
Turn   | Place    | Note
-------+----------+-------------------------------------------
     0 | D:1      | Karpathos the Spriggan Enchanter began the quest for the Orb.
     0 | D:1      | Reached XP level 1. HP: 9/9 MP: 5/5
   955 | D:1      | Reached XP level 2. HP: 6/13 MP: 2/7
   959 | D:1      | Learned a level 2 spell: Ensorcelled Hibernation
  1743 | D:2      | Reached XP level 3. HP: 16/16 MP: 6/9
  1748 | D:2      | Learned a level 3 spell: Confuse
  1752 | D:2      | Learned a level 3 spell: Tukima's Dance
  2856 | D:2      | Reached XP level 4. HP: 21/21 MP: 8/11
  3860 | D:3      | Reached skill level 5 in Hexes
  4498 | D:3      | Reached skill level 5 in Spellcasting
  4657 | D:3      | Noticed an ogre
  4700 | D:3      | HP: 1/21 [ogre/giant club (13)]
  4723 | D:3      | Learned a level 3 spell: Dazzling Spray
  4749 | D:3      | Killed an ogre
  4749 | D:3      | Reached XP level 5. HP: 24/24 MP: 7/14
  5170 | D:3      | Killed from afar by an orc priest

Vault maps used:
D:1:      nicolae_arrival_washed_ashore, minmay_vboxes
D:2:      first_bread
D:3:      kennysheep_generic_room_2, uniq_ijyb

Skill      XL: |  1  2  3  4 |
---------------+-------------+-----
Spellcasting   | 3 4 5 |  5.6
Hexes          | 4 5 |  5.8
Short Blades   | |  1.1
Dodging        | |  3.0
Stealth        | |  4.9

Action                   |  1- 3 |  4- 6 || total
-------------------------+-------+-------++-------
Melee: Dagger            |    96 |    81 ||   177
 Cast: Corona            |     5 |     2 ||     7
       Ensorcelled Hiber |    22 |    41 ||    63
       Confuse           |       |     3 ||     3
       Dazzling Spray    |       |     1 ||     1
  Use: Scroll            |     6 |     4 ||    10
       Potion            |     6 |     3 ||     9
 Stab: Sleeping          |    21 |    22 ||    43
       Confused          |       |     2 ||     2
  Eat: Royal jelly       |     1 |     2 ||     3
Armor: Robe              |    27 |     8 ||    35
Dodge: Dodged            |   105 |    63 ||   168
